 Dungeon Crawl Stone Soup version 0.30-a0-772-g5528072125 (webtiles) character file.

Game seed: 13719256954950568671

44 avis the Shooter (level 3, 0/29 HPs)
             Began as a Demigod Hunter on Feb 12, 2023.
             Slain by an orc priest
             ... wielding a +0 short sword
              (2 damage)
             ... on level 2 of the Dungeon.
             The game lasted 00:05:52 (1436 turns).

avis the Shooter (Demigod Hunter)                   Turns: 1436, Time: 00:05:53

Health: 0/29       AC:  3    Str: 12    XL:     3   Next: 22%
Magic:  5/5        EV: 12    Int: 11    God:
Gold:   34         SH:  0    Dex: 21    Spells: 2/2 levels left

rFire   . . .      SeeInvis .    b - +4 dagger (elec)
rCold   . . .      Faith    .    (no shield)
rNeg    . . .      Spirit   .    c - +0 leather armour
rPois   .          Reflect  .    (no helmet)
rElec   .          Harm     .    (no cloak)
rCorr   .          Rampage  .    (no gloves)
Will    .....                    (no boots)
Stlth   ++                       (no amulet)
HPRegen 0.24/turn                (no ring)
MPRegen 0.09/turn                (no ring)

@: brilliant
A: high MP 1, forlorn, divine attributes
a: no special abilities


You were on level 2 of the Dungeon.
You visited 1 branch of the dungeon, and saw 2 of its levels.

You collected 34 gold pieces.

Inventory:

Hand Weapons
 a - a +0 shortbow
 b - a +4 dagger of electrocution (weapon)
Armour
 c - a +0 leather armour (worn)
Magical Staves
 n - a staff of poison
Scrolls
 d - 2 scrolls of enchant armour {unknown}
 e - a scroll of identify {unknown}
 h - a scroll of immolation
 j - a scroll of teleportation {unknown}
 o - a scroll of magic mapping {unknown}
 p - a scroll of silence {unknown}
Potions
 f - a potion of haste {unknown}
 g - a potion of brilliance
 i - a potion of lignification {unknown}
 k - a potion of flight {unknown}
 l - a potion of mutation {unknown}
 m - a potion of ambrosia {unknown}


   Skills:
 - Level 2.0 Fighting
 * Level 4.2 Ranged Weapons
 - Level 2.0 Dodging
 - Level 2.0 Stealth


You had 2 spell levels left.
You didn't know any spells.
Your spell library was empty.

Dungeon Overview and Level Annotations

Branches:
Dungeon (2/15)

Annotations:
D:1 gold in the midst of fire.


Innate Abilities, Weirdness & Mutations

You have an increased reservoir of magic. (+10% MP)
You shall have no god before yourself.
Your divine heritage dramatically boosts your attributes as you level up.


Message History

You shoot an arrow.
The arrow hits the orc priest but does no damage.
The orc priest is lightly wounded.
You hear a shout!
An orc comes into view. It is wielding a +0 falchion.
You hear a shout! x2
Fire: a) +0 shortbow
Press: ? - help, Q - select action Shift-Dir - straight line, f/p - orc priest
Aim: an orc priest, wielding a +0 short sword and wearing a +0 chain mail (lightly wounded, 72% to hit)
You shoot an arrow.
The arrow hits the orc priest but does no damage.
The orc priest is lightly wounded.
You hear a shout!
The orc priest calls down the wrath of Beogh upon you.
Beogh smites you!
The orc priest invokes the aid of Beogh against you.
Pain shoots through your body!
* * * LOW HITPOINT WARNING * * *
It was a potion of brilliance.
You feel clever all of a sudden.
Okay, then.
Fire: a) +0 shortbow
Press: ? - help, Q - select action Shift-Dir - straight line, f/p - orc priest
Aim: an orc priest, wielding a +0 short sword and wearing a +0 chain mail (lightly wounded, 72% to hit)
You shoot an arrow. The arrow barely misses the orc priest.
The arrow hits the orc.
The orc is severely wounded.
Fire: a) +0 shortbow
Press: ? - help, Q - select action Shift-Dir - straight line, f/p - orc priest
Aim: an orc priest, wielding a +0 short sword and wearing a +0 chain mail (lightly wounded, 72% to hit)
You shoot an arrow.
The arrow hits the orc priest but does no damage.
The orc priest is lightly wounded.
The orc priest looks encouraged for a moment.
You hear the crackle of electricity.
b - a +4 dagger of electrocution (weapon)
You hit the orc priest.
The orc priest is moderately wounded.
The orc priest hits you with a +0 short sword.
You die...

####.## ##.##.#
#.# .....#
#..##.# #.#
#..######.###.#
#.<...........#
##.######.#####
(..# ## #.#
...... .##.#
...##### ..#.#
.. $⌠$ #.#@# .
B.. #.#o# ...
#.#o# #...#
#.#.# #.....
#.##### #o #.


You could see an orc priest and an orc.

Vanquished Creatures
  An adder (D:2)
  A dart slug (D:1)
  4 bats
  3 endoplasms (D:1)
  2 giant cockroaches
  2 goblins
  3 hobgoblins (D:1)
  4 jackals (D:1)
  2 kobolds (D:1)
  4 ball pythons (D:1)
  A frilled lizard (D:1)
  2 rats (D:1)
29 creatures vanquished.

Vanquished Creatures (others)
  A plant (D:1)
1 creature vanquished.

Grand Total: 30 creatures vanquished

Notes
Turn   | Place    | Note
-------+----------+-------------------------------------------
     0 | D:1      | avis the Demigod Hunter began the quest for the Orb.
     0 | D:1      | Reached XP level 1. HP: 17/17 MP: 3/3
   123 | D:1      | Reached skill level 1 in Stealth
   242 | D:1      | Reached XP level 2. HP: 24/24 MP: 4/4
   745 | D:1      | Reached skill level 4 in Ranged Weapons
  1168 | D:2      | Reached XP level 3. HP: 29/29 MP: 5/5
  1431 | D:2      | HP: 1/29 [orc priest/nerve-wracking pain (14)]
  1436 | D:2      | Slain by an orc priest

Illustrated notes

Levels and vault maps discovered:
D:1:      sevenhm_arrival_forest_fort_large_4, layout_basic, minivault_4,
          serial_bayou_pond_c, lemuel_flame_loot_1
D:2:      cheibrodos_pilgrimage, layout_loops_ring, minmay_increasing_density

Skill      XL: |  1  2 |
---------------+-------+-----
Stealth        | 1 2 |  2.0
Fighting       | 2 |  2.0
Dodging        | 2 |  2.0
Ranged Weapons | 4 |  4.2

Action                     || total
---------------------------++-------
  Melee: Dagger            ||     1
   Fire: Shortbow          ||    88
    Use: Potion            ||     1
 Armour: Leather armour    ||     6
  Dodge: Dodged            ||    16

Table legend: (Time is in decaauts)
 A = Elapsed time spent in this place.
 B = Non-inter-level travel time spent in this place.
 C = Inter-level travel time spent in this place.
 D = Time resting spent in this place.
 E = Time spent auto-exploring this place.
 F = Levels seen in this place.
 G = Mean time per level.
                   A        B        C        D        E       F      G
               +--------+--------+--------+--------+--------+-----+--------+
         Total |   1474 |   1117 |    357 |      0 |    867 |   2 |  737.0 |
       Dungeon |   1474 |   1117 |    357 |      0 |    867 |   2 |  737.0 |
               +--------+--------+--------+--------+--------+-----+--------+

Top non-repeatable levels by time:
     D:1: 1359 daAuts
     D:2: 115 daAuts
